 Dungeon Crawl Stone Soup version 0.27.1-3-gb3d3a73c9e (webtiles) character file.

Game seed: 1705098747646032574

293 ZARRMARR the Conjurer (level 6, 0/36 HPs)
             Began as an Octopode Conjurer on Oct 23, 2021.
             Slain by a gnoll (11 damage)
             ... on level 5 of the Dungeon.
             The game lasted 00:09:44 (3707 turns).

ZARRMARR the Conjurer (Octopode Conjurer)           Turns: 3707, Time: 00:09:44

Health: 0/36       AC:  1    Str: 12    XL:     6   Next: 33%
Magic:  2/10       EV: 13    Int: 22    God:
Gold:   11         SH:  0    Dex: 11    Spells: 5/11 levels left

rFire    . . .     SeeInvis .   c - +0 dagger
rCold    + . .     Faith    .   (no shield)
rNeg     . . .     Spirit   .   (helmet restricted)
rPois    .         Reflect  .   (no amulet)
rElec    .         Harm     .   b - +6 ring of strength
rCorr    .         Rampage  .   g - ring of protection from cold
Will     .....                  (no ring)
Stlth    +++.......             (no ring)
HPRegen  0.12/turn              (no ring)
MPRegen  0.12/turn              (no ring)
                                (no ring)
                                (no ring)

@: no status effects
A: almost no armour, amphibious, 8 rings, camouflage 1, gelatinous body 1,
(nimble swimmer 1), tentacles
a: no special abilities


You were on level 5 of the Dungeon.
You visited 1 branch of the dungeon, and saw 5 of its levels.

You collected 86 gold pieces.
You spent 75 gold pieces at shops.

Inventory:

Hand Weapons
 c - a +0 dagger (weapon)
Jewellery
 b - a +6 ring of strength (left tentacle)
 g - a ring of protection from cold (right tentacle)
Potions
 a - 2 potions of lignification {unknown}
 e - 2 potions of curing {unknown}
 f - a potion of degeneration {unknown}
 h - a potion of attraction {unknown}
 l - a potion of haste {unknown}


   Skills:
 - Level 2.0 Dodging
 - Level 2.6 Stealth
 + Level 3.2 Spellcasting
 + Level 6.2 Conjurations
 - Level 2.1 Transmutations
 + Level 1.1 Earth Magic


You had 5 spell levels left.
You knew the following spells:

 Your Spells              Type           Power      Damage    Failure   Level
a - Magic Dart            Conj           100%       1d8       1%          1
b - Searing Ray           Conj           60%        3d5       1%          2
d - Stone Arrow           Conj/Erth      38%        3d9       9%          3

Your spell library contained the following spells:

 Spells                   Type           Power      Damage    Failure   Level
 Dazzling Flash           Conj/Hex       34%        N/A       10%         3
 Corpse Rot               Necr/Air       N/A        N/A       19%         2
 Poisonous Vapours        Pois/Air       6%         N/A       19%         2
 Fulminant Prism          Conj/Hex       8%         3d7       32%         4
 Iskenderun's Mystic Bla  Conj/Tloc      17%        2d5       32%         4
 Freezing Cloud           Conj/Ice/Air   6%         6-21      82%         5
 Lehudib's Crystal Spear  Conj/Erth      9%         10d4      100%        8
 Animate Armour           Summ/Erth      Unusable   N/A       N/A         4

Dungeon Overview and Level Annotations

Branches:
Dungeon (5/15)
 Temple: D:4-7

Altars:
Ashenzari
Nemelex Xobeh

Shops:
D:2 *

Annotations:
D:4 Dowan, Duvessa, Edmund


Innate Abilities, Weirdness & Mutations

You cannot wear most types of armour.
You are amphibious.
You can wear up to eight rings at the same time.
Your skin changes colour to match your surroundings (Stealth+).
Your rubbery body absorbs attacks. (AC +1, EV +1)
((You are camouflaged near water. (Stealth+)))
You have tentacles for arms and can constrict up to eight enemies at once.


Message History

You hit the gnoll.
The gnoll is moderately wounded.
You constrict the gnoll. The gnoll barely misses you. The gnoll misses you.
Unknown command.
You hit the gnoll.
The gnoll is severely wounded.
You constrict the gnoll.
The gnoll hits you from afar with a +0 spear.
The gnoll hits you with a +0 flail.
Unknown command.
You hit the gnoll but do no damage.
The gnoll is severely wounded.
You constrict the gnoll.
The gnoll hits you from afar with a +0 spear.
The gnoll closely misses you.
Unknown command.
You hit the gnoll.
The gnoll is almost dead.
You constrict the gnoll.
You kill the gnoll!
The gnoll hits you from afar with a +0 spear!
Unknown command.
The gnoll hits you from afar with a +0 spear.
You see here a +0 whip.
Your magical contamination has completely faded away.
There is a stone staircase leading up here.
The gnoll misses you.
You see here a +0 whip.
Casting: Stone Arrow (dangerous; 9% risk of failure)
Confirm with . or Enter, or press ? or * to list all spells.
You don't have enough magic to cast this spell.
Unknown command.
You hit the gnoll but do no damage. You grab the gnoll.
You constrict the gnoll, but do no damage.
The gnoll hits you with a +0 spear.
Unknown command.
You hit the gnoll.
The gnoll is moderately wounded.
You constrict the gnoll. The gnoll hits you with a +0 spear!
You die...

#.# #.#
#)# #)#
#.# #)#
#.#
##.####
#..g@<#
#######


You could see a gnoll.

Vanquished Creatures
  An orc priest (D:3)
  Natasha (thrice) (D:2)
  7 gnolls
  4 adders
  2 worms (D:2)
  3 dart slugs
  5 orcs (D:3)
  3 endoplasms
  7 goblins
  2 hobgoblins (D:1)
  3 jackals (D:1)
  3 quokkas
  7 ball pythons
  8 bats
  A frilled lizard (D:3)
  4 giant cockroaches
  7 kobolds
  11 rats
81 creatures vanquished.

Vanquished Creatures (others)
  A howler monkey skeleton (D:5)
  A fungus (D:5)
2 creatures vanquished.

Grand Total: 83 creatures vanquished

Notes
Turn   | Place    | Note
-------+----------+-------------------------------------------
     0 | D:1      | ZARRMARR the Octopode Conjurer began the quest for the Orb.
     0 | D:1      | Reached XP level 1. HP: 11/11 MP: 3/3
   278 | D:1      | Reached XP level 2. HP: 17/17 MP: 3/5
   871 | D:1      | Reached XP level 3. HP: 21/21 MP: 0/6
   990 | D:1      | Reached skill level 5 in Conjurations
  1219 | D:2      | Noticed Natasha
  1235 | D:2      | Killed Natasha
  1284 | D:2      | Learned a level 2 spell: Searing Ray
  1319 | D:2      | Reached XP level 4. HP: 27/27 MP: 5/7
  1448 | D:2      | Noticed Natasha
  1453 | D:2      | Killed Natasha
  1600 | D:2      | Found Zuenen's Assorted Antiques.
  1609 | D:2      | Bought a scroll labelled XOFIOF WOKOA for 27 gold pieces
  1609 | D:2      | Bought an inky potion for 24 gold pieces
  1805 | D:2      | Reached skill level 1 in Transmutations
  1861 | D:2      | Found a broken altar of Ashenzari.
  1880 | D:2      | Noticed Natasha
  1882 | D:2      | Killed Natasha
  1883 | D:2      | Reached XP level 5. HP: 31/31 MP: 3/8
  2604 | D:3      | Reached skill level 6 in Conjurations
  2732 | D:3      | Learned a level 3 spell: Stone Arrow
  2782 | D:3      | Reached XP level 6. HP: 36/36 MP: 3/10
  2920 | D:3      | Found a sparkling altar of Nemelex Xobeh.
  3286 | D:2      | Bought a coppery potion for 24 gold pieces
  3515 | D:4      | Noticed Edmund
  3628 | D:4      | Noticed Duvessa
  3629 | D:4      | Noticed Dowan
  3632 | D:5      | Entered Level 5 of the Dungeon
  3692 | D:5      | Reached skill level 1 in Earth Magic
  3707 | D:5      | Slain by a gnoll

Illustrated notes

Levels and vault maps discovered:
D:1:      lemuel_arrival_lava_pool, layout_rooms
D:2:      layout_loops_ring, basic_altar, serial_shops, nicolae_diamond_shop,
          uniq_natasha
D:3:      layout_rooms, nemelex_diamond_rough_becter
D:4:      layout_loops_ring, uniq_sigmund, uniq_duvessa, uniq_edmund
D:5:      layout_basic, mainiacjoe_overflow_boulevard,
          mainiacjoe_overflow_alcove_1, lemuel_temple_firewalk_b

Skill      XL: |  1  2  3  4  5  6 |
---------------+-------------------+-----
Conjurations   | 5 6 |  6.2
Transmutations | 1 2 |  2.1
Spellcasting   | 3 |  3.2
Earth Magic    | 1 |  1.1
Dodging        | |  2.0
Stealth        | |  2.6

Action                   |  1- 3 |  4- 6 || total
-------------------------+-------+-------++-------
Melee: Unarmed           |     5 |       ||     5
       Constrict         |     6 |     3 ||     9
       Tentacles         |     5 |       ||     5
       Dagger            |    16 |    10 ||    26
 Cast: Magic Dart        |    38 |    71 ||   109
       Searing Ray       |       |    14 ||    14
       Stone Arrow       |       |     7 ||     7
  Use: Scroll            |     2 |     4 ||     6
Armor: Skin              |     3 |       ||     3
Dodge: Dodged            |    10 |    12 ||    22
